 Dungeon Crawl Stone Soup version 0.29-a0-1047-g7c58e119a4 (webtiles) character file.

Game seed: 15877345099579287909

22 Zeldest the Trooper (level 2, -1/24 HPs)
             Began as a Mummy Chaos Knight on Aug 17, 2022.
             Was a Plaything of Xom.
             Slain by a jackal (3 damage)
             ... on level 1 of the Dungeon.
             The game lasted 00:00:17 (130 turns).

Zeldest the Trooper (Mummy Chaos Knight)             Turns: 130, Time: 00:00:17

Health: -1/24      AC:  5    Str: 15    XL:     2   Next: 68%
Magic:  2/2        EV: 11    Int: 11    God:    Xom [..*...]
Gold:   46         SH:  0    Dex: 11    Spells: 1/1 levels left

rFire   x . .      SeeInvis .   a - +0 hand axe (chaos)
rCold   + . .      Faith    .   (no shield)
rNeg    + + +      Spirit   .   b - +2 leather armour
rPois   ∞          Reflect  .   (no helmet)
rElec   .          Harm     .   (no cloak)
rCorr   .          Rampage  .   (no gloves)
Will    .....                   (no boots)
Stlth   +.........              (no amulet)
HPRegen 0.08/turn               (no ring)
MPRegen 0.08/turn               (no ring)

@: no status effects
A: cold resistance 1, negative energy resistance 3, torment resistance 2, heat
vulnerability 1, no potions
a: Renounce Religion


You were on level 1 of the Dungeon.
You worshipped Xom.
You were a toy of Xom.
You visited 1 branch of the dungeon, and saw 1 of its levels.

You collected 46 gold pieces.

Inventory:

Hand Weapons
 a - a +0 hand axe of chaos (weapon)
Armour
 b - a +2 leather armour (worn)
Miscellaneous
 c - a piece from Xom's chessboard (15/15) (quivered)


   Skills:
 + Level 3.2 Fighting
 * Level 2.9 Axes
 + Level 1.9 Armour
 - Level 0.7 Dodging


You had one spell level left.
You didn't know any spells.
Your spell library was empty.

Dungeon Overview and Level Annotations

Branches:
Dungeon (1/15)

Altars:


Innate Abilities, Weirdness & Mutations

You are immune to poison.
Your flesh is cold resistant. (rC+)
You are immune to negative energy. (rN+++)
You are immune to unholy pain and torment.
You are vulnerable to heat. (rF-)
You do not drink.


Message History

The jackal barks!
You hit the jackal but do no damage. You closely miss the jackal.
You hit the jackal but do no damage. The jackal barely misses you. x2
The jackal bites you but does no damage.
The jackal closely misses you. The jackal bites you.
The jackal barely misses you.
The jackal bites you but does no damage.
You hit the jackal but do no damage. You hit the jackal. You burn the jackal.
You kill the jackal!
You hit the jackal but do no damage. You closely miss the jackal.
The jackal barely misses you. The jackal bites you.
The jackal closely misses you. The jackal bites you.
You barely miss the jackal. You hit the jackal but do no damage.
The jackal is devoured by a tear in reality.
You closely miss the jackal.
A jackal comes into view.
The jackal bites you but does no damage.
The jackal completely misses you. The jackal closely misses you.
You closely miss the jackal. You barely miss the jackal.
The jackal barks!
The jackal barely misses you. The jackal closely misses you.
You hit the jackal. You burn the jackal.
The jackal is almost dead.
You closely miss the jackal. x2; The jackal bites you.
* * * LOW HITPOINT WARNING * * *
The jackal bites you.
* * * LOW HITPOINT WARNING * * *
The jackal closely misses you.
The jackal bites you but does no damage.
The jackal closely misses you.
The jackal bites you but does no damage.
You hit the jackal but do no damage.
The jackal seems to slow down.
The jackal is almost dead.
You hit the jackal but do no damage. You hit the jackal.
The jackal closely misses you. The jackal bites you.
* * * LOW HITPOINT WARNING * * *
The jackal bites you but does no damage.
The jackal barely misses you. The jackal bites you.
You die... "It's all fun and games until someone loses an eye."

. ..# ..... .##.##.....
#..#......... .....>..$....
..#......... ..#.........
#.#†hhh.....
########.#.@h§..#
#........#.§§...#
#...........§...#
##........#..)...#
#.........######## .
#......#......#######
..##......#........(...#####
..........'................#
##......#........######'.#


You could see 4 jackals.

Vanquished Creatures
  2 ball pythons (D:1)
  An endoplasm (D:1)
  2 giant cockroaches (D:1)
  A goblin (D:1)
  A hobgoblin (D:1)
  7 jackals (D:1)
  A quokka (D:1)
  A frilled lizard (D:1)
16 creatures vanquished.

Notes
Turn   | Place    | Note
-------+----------+-------------------------------------------
     0 | D:1      | Zeldest the Mummy Chaos Knight began the quest for the Orb.
     0 | D:1      | Reached XP level 1. HP: 18/18 MP: 1/1
    42 | D:1      | XOM: silly message
    77 | D:1      | Reached XP level 2. HP: 24/24 MP: 2/2
   130 | D:1      | Slain by a jackal

Illustrated notes

Levels and vault maps discovered:
D:1:      ncdulo_lavacross, layout_basic, minmay_3d_cube

Action                   || total
-------------------------++-------
Melee: Hand axe          ||    35
Armor: Leather armour    ||    26
Dodge: Dodged            ||    42

Table legend: (Time is in decaauts)
 A = Elapsed time spent in this place.
 B = Non-inter-level travel time spent in this place.
 C = Inter-level travel time spent in this place.
 D = Time resting spent in this place.
 E = Time spent auto-exploring this place.
 F = Levels seen in this place.
 G = Mean time per level.
                   A        B        C        D        E       F      G
               +--------+--------+--------+--------+--------+-----+--------+
         Total |    135 |    135 |      0 |      0 |     75 |   1 |  135.0 |
       Dungeon |    135 |    135 |      0 |      0 |     75 |   1 |  135.0 |
               +--------+--------+--------+--------+--------+-----+--------+

Top non-repeatable levels by time:
     D:1: 135 daAuts
